cohdb
Replays
Latest Replays
All Replays
Popular Replays
Top Player Replays
Match Explorer
How It Works
Community
CoH3 Stats
Reddit
Sign in to upload your games and track your stats! →
Sign in with Steam
Match 41729481
Unlisted
Match 41729481
Overview
Messages
Build Orders
End
Engineer Squad
Engineer Squad
Selects Armored Battlegroup
Selects Assault Engineers
Assault Engineer Squad
Construct Weapon Support Center
M1919 Machine Gun Team
Construct Medical Station
Air Support Center
Selects Fast Deploy
M3 Armored Personnel Carrier
M1919 Machine Gun Team
Bazooka Squad
Sniper
Bazooka Squad
P-47 Dive Bomb
Selects Seek and Destroy
Bazooka Squad
Improved M9 Bazooka Rockets
P-47 Strafing Run
P-47 Dive Bomb
Construct Tank Depot
Selects UNKNOWN (2160077)
Selects M31 Recovery Vehicle
Selects War Machine
M4A3E8 Sherman Easy Eight
Assault Engineer Squad
Grasshopper Recon Run
P-47 Dive Bomb
Double Sortie
Assault Engineer Squad
M4A3E8 Sherman Easy Eight
P-47 Strafing Run
P-47 Dive Bomb
Kitsuné
Dumais
实力不足只能当老六了
Achilles Gaming @ YouTube
0
0
Comments
sign in to comment!
No comments posted yet!